 Dungeon Crawl Stone Soup version 0.24.0-29-g8ce449bc06 (webtiles) character file.

Game seed: 8730649404500509135, levelgen mode: deterministic

5905 Esekla the Cleaver (level 10, 0/73 HPs)
             Began as a Demonspawn Wanderer on Nov 16, 2019.
             Killed from afar by an orc sorcerer (27 damage)
             ... with a bolt of fire
             ... on level 2 of the Orcish Mines.
             The game lasted 01:02:17 (8273 turns).

Esekla the Cleaver (Demonspawn Wanderer)            Turns: 8273, Time: 01:02:18

Health: 0/73       AC: 17    Str: 18    XL:     10   Next: 53%
Magic:  14/14      EV: 11    Int: 13    God:
Gold:   1204       SH:  5    Dex: 18    Spells: 12/13 levels left

rFire    . . .     SeeInvis .   O - +7 hand axe of Egomania {chop, *Slow +Inv Dex+2}
rCold    . . .     Gourm    .   c - +0 buckler
rNeg     . . .     Faith    .   b - +2 scale mail
rPois    .         Spirit   .   r - +0 helmet
rElec    .         Reflect  .   g - +0 cloak
rCorr    .         Harm     +   (no gloves)
MR       .....                  (no boots)
Stlth    +.........             w - amulet of harm
HPRegen  0.22/turn              h - +3 ring of strength
MPRegen  0.14/turn              M - +2 ring of protection

@: no status effects
A: talons 2, thin metallic scales 2, agile 1, high mp 1, powered by death 1,
spiny 1
a: Evoke Invisibility


You were on level 2 of the Orcish Mines.
You were hungry.

You visited 3 branches of the dungeon, and saw 12 of its levels.
You also visited: Ossuary.

You collected 1370 gold pieces.
You spent 166 gold pieces at shops.

Inventory:

Hand Weapons
 p - a +4 hand axe
 u - a +1 war axe of chopping
 K - a +0 spear of venom
 O - the +7 hand axe of Egomania (weapon) {chop, *Slow +Inv Dex+2}
   (You took it off a centaur on level 9 of the Dungeon)

   It inflicts extra damage upon your enemies.
   It affects your dexterity (+2).
   It lets you turn invisible.
   It may slow you when you take damage.
Missiles
 f - 9 javelins
 i - 52 poisoned darts (quivered)
Armour
 b - a +2 scale mail (worn)
 c - a +0 buckler (worn)
 e - a +0 ring mail of fire resistance
 g - a +0 cloak (worn)
 r - a +0 helmet (worn)
 N - a +1 leather armour of positive energy
Jewellery
 h - a +3 ring of strength (left hand)
 w - an amulet of harm (around neck)
 M - a +2 ring of protection (right hand)
Wands
 q - a wand of paralysis (8)
 x - a wand of random effects (21)
 E - a wand of disintegration (17)
 G - a wand of flame (16)
 I - a wand of polymorph (9)
 J - a wand of iceblast (8)
Scrolls
 a - a scroll of torment {unknown}
 j - 5 scrolls of immolation {unknown}
 m - 3 scrolls of remove curse
 n - 2 scrolls of enchant weapon {unknown}
 s - 2 scrolls of fog {unknown}
 y - 5 scrolls of identify
 A - 3 scrolls of enchant armour {unknown}
 B - 2 scrolls of magic mapping
 C - 8 scrolls of teleportation
 F - a scroll of random uselessness {unknown}
 L - a scroll of summoning {unknown}
Potions
 k - 2 potions of invisibility
 l - a potion of ambrosia
 o - 6 potions of curing
 t - a potion of cancellation
 v - a potion of flight
 z - a potion of heal wounds
 H - a potion of brilliance {unknown}
Comestibles
 d - 16 rations


   Skills:
 + Level 4.7 Fighting
 * Level 10.6 Axes
 + Level 2.1 Throwing
 + Level 7.2 Armour
 + Level 3.1 Dodging
 + Level 1.1 Stealth
 + Level 2.9 Shields
 + Level 2.3 Spellcasting
 + Level 2.7 Translocations
 * Level 1.6 Evocations


You had 12 spell levels left.
You knew the following spells:

 Your Spells              Type           Power        Failure   Level  Hunger
a - Apportation           Tloc           #.....       26%         1    #......

Your spell library contained the following spells:

 Spells                   Type           Power        Failure   Level  Hunger
 Animate Skeleton         Necr           N/A          61%         1    #......
 Confusing Touch          Hex            #.....       61%         1    #......
 Flame Tongue             Conj/Fire      #....        61%         1    #......
 Summon Butterflies       Summ           #.......     61%         1    #......
 Summon Small Mammal      Summ           #...         61%         1    #......
 Teleport Other           Tloc           #.......     61%         3    ###....
 Throw Flame              Conj/Fire      #.....       75%         2    ###....
 Recall                   Summ/Tloc      N/A          80%         3    ###....
 Conjure Flame            Conj/Fire      #.......     93%         3    ###....
 Inner Flame              Hex/Fire       #.......     93%         3    ###....
 Sticky Flame             Conj/Fire      #.......     100%        4    #####..
 Summon Lightning Spire   Summ/Air       #.......     100%        4    #####..
 Fireball                 Conj/Fire      #.........   100%        5    ######.
 Shadow Creatures         Summ           N/A          100%        6    #######


Dungeon Overview and Level Annotations

Branches:
Dungeon (9/15)             Temple (1/1) D:5            Lair (0/6) D:8
    Orc (2/2) D:9             Elf (0/3) Orc:2       Ossuary (visited)

Altars:
Cheibriados
Dithmenos
Fedhas
Gozag
Hepliaklqana
Makhleb
Okawaru
Qazlal
Ru
Sif Muna
Uskayaw
Vehumet
Wu Jian
Xom
Zin
The Shining One

Shops:
D:4 (?(!(


Innate Abilities, Weirdness & Mutations

You have razor-sharp toenails.
You are mostly covered in thin metallic scales. (AC +3)
You regenerate a little health from kills.
You are partially covered in sharp spines.
You are agile. (Dex +2)
You have an increased reservoir of magic. (+10% MP)


Message History

Your shield and scale mail prevent you from hitting the orc priest.
You claw the orc priest.
You kill the orc priest!
The orc priest calls down the wrath of Beogh upon you.
You struggle to resist.
You see here a +0 short sword.
The orc priest mumbles some strange prayers to Beogh against you.
Beogh smites you!
You slash the orc priest!
You kill the orc priest!
You now have 1204 gold pieces (gained 33).
You are feeling hungry.
Things that are here:
a cursed +0 short sword; a cursed +0 leather armour; an orc corpse An orc sorcerer comes into view.
It is wielding a +0 dagger.
The orc sorcerer shouts!
The orc sorcerer mumbles some strange words.
The orc sorcerer points at you and mumbles some strange words.
The bolt of fire hits you!!
You die...

................. ..
$...........##....# .o.
....$.......##..... #..
...................
#...# .......>..........
.....##.........#...#...
....#.......#...........
#......$.# #............
#.....$@.####.#.........
.........).###).......#.
#...$....)).##).........
##.#...###..............
#..... ##.))........#.
...... #....#.......##
......# ##...##......#
.##.## ##.#####.#.## ##
### #####


You could see an orc sorcerer.

Vanquished Creatures
  An ogre mage (Orc:1)
  Prince Ribbit (D:8)
  Grinder (D:6)
  2 wargs
  A water moccasin (D:9)
  10 orc warriors
  2 ice beasts
  A black bear (D:9)
  8 ogres
  4 centaurs
  5 bullfrogs
  A scorpion (D:8)
  10 killer bees
  A howler monkey (D:4)
  A crimson imp (D:7)
  A centaur zombie (D:3)
  The ghost of p0werm0de the Stinger, a weakling VSVM (D:3)
  7 orc priests
  2 bullfrog skeletons
  A centaur skeleton (D:6)
  Natasha (thrice) (D:1)
  3 iguanas
  10 orc wizards
  5 worker ants
  A killer bee zombie (D:6)
  8 big kobold zombies (Ossuary)
  A mummy (Ossuary)
  Robin (D:3)
  A worker ant zombie (D:7)
  7 gnolls
  8 adders
  3 shadow imps
  An ooze (D:3)
  An adder skeleton (D:7)
  2 worms
  4 leopard geckos
  46 orcs
  5 spectral bats (Ossuary)
  3 giant cockroaches
  4 gnoll zombies (Ossuary)
  15 goblins
  10 hobgoblins
  26 jackals
  2 quokkas
  2 ball pythons (D:1)
  A ball python zombie (D:5)
  5 bats
  7 bat simulacra (Ossuary)
  3 frilled lizards
  3 goblin simulacra (Ossuary)
  4 goblin zombies (Ossuary)
  2 hobgoblin zombies (Ossuary)
  2 jackal skeletons (D:6)
  9 kobolds
  5 kobold simulacra (Ossuary)
  6 kobold zombies (Ossuary)
  A leopard gecko skeleton (D:7)
  2 leopard gecko zombies
  6 orc zombies (Ossuary)
  2 quokka skeletons
  A quokka zombie (D:5)
  5 rats
  3 rat simulacra (Ossuary)
  3 spectral goblins (Ossuary)
  3 spectral kobolds (Ossuary)
  4 spectral rats (Ossuary)
310 creatures vanquished.

Notes
Turn   | Place    | Note
-------+----------+-------------------------------------------
     0 | D:1      | Esekla the Demonspawn Wanderer began the quest for the Orb.
     0 | D:1      | Esekla set off with the following items: a +0 hand axe, a
                  | +2 scale mail, a +0 buckler, a ration
     0 | D:1      | Reached XP level 1. HP: 16/16 MP: 1/1
   141 | D:1      | Gained mutation: You regenerate a little health from kills.
                  | [demonic ancestry]
   141 | D:1      | Reached XP level 2. HP: 12/22 MP: 2/2
   305 | D:1      | Reached skill level 2 in Axes
   418 | D:1      | Gained mutation: You are partially covered in sharp spines.
                  | [demonic ancestry]
   418 | D:1      | Reached XP level 3. HP: 25/27 MP: 3/3
   483 | D:2      | Noticed Natasha
   498 | D:1      | Killed Natasha
   691 | D:2      | Reached XP level 4. HP: 34/34 MP: 4/4
   845 | D:1      | Noticed Natasha
   859 | D:1      | Killed Natasha
   859 | D:1      | Reached skill level 1 in Dodging
   933 | D:1      | Noticed Natasha
   941 | D:1      | Killed Natasha
  1201 | D:3      | Reached XP level 5. HP: 31/39 MP: 5/5
  1366 | D:3      | Noticed Robin
  1376 | D:3      | Killed Robin
  1450 | D:4      | Found Vulyul's Antique Weapon Shop.
  1472 | D:4      | Bought a glowing war axe for 156 gold pieces
  1480 | D:4      | Found Perr's Weapon Shoppe.
  1487 | D:4      | Reached skill level 3 in Axes
  1489 | D:4      | Found Amaus's Magic Scroll Emporium.
  1603 | D:4      | Found a sand-covered staircase.
  1608 | Ossuary  | Entered an ossuary
  1726 | Ossuary  | Gained mutation: You have sharp toenails. [demonic
                  | ancestry]
  1726 | Ossuary  | Reached XP level 6. HP: 43/46 MP: 6/6
  1757 | Ossuary  | Reached skill level 4 in Axes
  1912 | Ossuary  | Reached skill level 5 in Armour
  2098 | D:4      | Reached skill level 5 in Axes
  2098 | D:4      | Gained mutation: You are partially covered in thin metallic
                  | scales. (AC +2) [demonic ancestry]
  2098 | D:4      | Reached XP level 7. HP: 51/51 MP: 7/7
  2156 | D:4      | Found Ixomi's Distillery.
  2161 | D:4      | Bought a potion of degeneration for 10 gold pieces
  2358 | D:3      | Found a hazy altar of Hepliaklqana.
  2362 | D:3      | Found a shimmering altar of Xom.
  2362 | D:3      | Noticed a hell beast
  2363 | D:3      | Noticed a hell beast
  2363 | D:3      | Noticed a spectral ugly thing
  2381 | D:3      | Found a runed translucent gate.
  2382 | D:3      | Found a runed translucent gate.
  2383 | D:3      | Found a runed translucent gate.
  2385 | D:3      | Noticed p0werm0de's ghost (weakling VSVM)
  3127 | D:5      | Entered Level 5 of the Dungeon
  3225 | D:4      | Found Vorannas's Antique Weapon Shoppe.
  3507 | D:5      | Found a staircase to the Ecumenical Temple.
  3528 | Temple   | Entered the Ecumenical Temple
  3874 | D:5      | Reached skill level 6 in Axes
  4099 | D:6      | Noticed Grinder
  4173 | D:6      | Identified the Volume of Creative Translocation
  4176 | D:6      | Reached XP level 8. HP: 58/58 MP: 8/8
  4272 | D:6      | Reached skill level 7 in Axes
  4473 | D:3      | Killed p0werm0de's ghost
  4780 | D:7      | Found a hide-covered altar of Uskayaw.
  4917 | D:7      | Reached skill level 1 in Throwing
  4990 | D:8      | Noticed Prince Ribbit
  5105 | D:6      | Paralysed by Grinder for 5 turns
  5115 | D:6      | Killed Grinder
  5115 | D:6      | Reached skill level 8 in Axes
  5164 | D:6      | Gained mutation: You have razor-sharp toenails. [demonic
                  | ancestry]
  5164 | D:6      | Reached XP level 9. HP: 13/65 MP: 9/9
  5873 | D:8      | Killed Prince Ribbit
  5910 | D:8      | Found a shimmering altar of Xom.
  5967 | D:8      | Reached skill level 9 in Axes
  6106 | D:8      | Found a staircase to the Lair.
  6114 | D:8      | Found an ornate altar of the Wu Jian Council.
  6116 | D:8      | Found a sacrificial altar of Ru.
  6116 | D:8      | Found a burning altar of Makhleb.
  6117 | D:8      | Found a snail-covered altar of Cheibriados.
  6117 | D:8      | Found a shimmering blue altar of Sif Muna.
  6144 | D:8      | Learned a level 1 spell: Apportation
  6346 | D:9      | Identified the +7 hand axe of Egomania {chop, *Slow +Inv
                  | Dex+2}
  6363 | D:9      | Reached skill level 1 in Spellcasting
  6363 | D:9      | Reached skill level 1 in Translocations
  6690 | D:9      | Found a staircase to the Orcish Mines.
  7184 | Orc:1    | Entered Level 1 of the Orcish Mines
  7266 | Orc:1    | Reached XP level 10. HP: 49/73 MP: 12/12
  7336 | Orc:1    | Noticed an ogre mage
  7339 | Orc:1    | Noticed a two-headed ogre
  7342 | Orc:1    | Reached skill level 1 in Stealth
  7347 | Orc:1    | Noticed a two-headed ogre
  7975 | Orc:1    | Gained mutation: You have an increased reservoir of magic.
                  | (+10% MP) [potion of mutation]
  7975 | Orc:1    | Gained mutation: You are mostly covered in thin metallic
                  | scales. (AC +3) [potion of mutation]
  7975 | Orc:1    | Gained mutation: You are agile. (Dex +2) [potion of
                  | mutation]
  7986 | Orc:1    | Killed an ogre mage
  7986 | Orc:1    | Reached skill level 10 in Axes
  8171 | Orc:2    | Entered Level 2 of the Orcish Mines
  8213 | Orc:2    | Found a staircase to the Elven Halls.
  8272 | Orc:2    | Noticed an orc sorcerer
  8273 | Orc:2    | Killed from afar by an orc sorcerer

Levels and vault maps discovered:
D:1:      minmay_arrival_five_plusses, layout_loops_cross
D:2:      layout_basic, uniq_natasha
D:3:      layout_basic, regret_index_temple_of_mockery,
          gammafunk_ghost_necromancy, hangedman_feature_mirror, uniq_robin
D:4:      layout_basic, serial_shops, nicolae_shop_stone, shop,
          kennysheep_mini_moat, nicolae_shop_trees, nicolae_shop_trees,
          enter_ossuary_2
D:5:      layout_basic, minmay_temple_entry_statues_fountains, first_ration
D:6:      layout_rooms, nrook_mini_backslash, uniq_grinder
D:7:      layout_basic, eat_drink_and_be_merry_uskayaw
D:8:      layout_rooms, grunt_temple_overflow_open, lair_entry_dummy,
          basic_altar, uniq_prince_ribbit1
D:9:      layout_cave_pools, hiddenorc1_lemuel
Temple:   eino_narrow_crystal_temple
Orc:1:    layout_diamond_mine
Orc:2:    st_orc_rangers, layout_caves, serial_shops, nicolae_shop_crystal,
          shop, nicolae_shop_crystal, shop, nicolae_shop_stone, basic_altar

Skill      XL: |  1  2  3  4  5  6  7  8  9 10 |
---------------+-------------------------------+-----
Armour         | 4 5 6 7 |  7.2
Axes           | 2 3 5 6 8 9 10 | 10.6
Dodging        | 1 2 3 |  3.1
Fighting       | 3 4 |  4.7
Shields        | 2 |  2.9
Throwing       | 1 2 |  2.1
Spellcasting   | 1 2 |  2.3
Translocations | 1 2 |  2.7
Stealth        | 1 |  1.1
Evocations     | |  1.6

Action                   |  1- 3 |  4- 6 |  7- 9 | 10-12 || total
-------------------------+-------+-------+-------+-------++-------
Melee: Hand axe          |   106 |   201 |   154 |    54 ||   515
       War axe           |       |    11 |   129 |       ||   140
       Kick              |       |    30 |    75 |    20 ||   125
Throw: Dart              |     2 |     8 |    28 |     3 ||    41
Evoke: Wand              |       |       |       |     1 ||     1
  Use: Scroll            |       |     7 |     3 |     2 ||    12
       Potion            |       |       |     6 |     1 ||     7
  Eat: Chunk             |       |     2 |     8 |       ||    10
       Ration            |       |     1 |     2 |     1 ||     4
Armor: Scale mail        |    87 |    75 |   124 |    16 ||   302
Dodge: Dodged            |    63 |    55 |   122 |    22 ||   262
Block: Buckler           |    18 |    24 |    58 |     9 ||   109
